Map: Blackburn LE

Players

llllIlllIlll - Winner!

  • Race: Zerg Zerg
  • League: Diamond
  • Spawn Location: 5:00

kevinnleee

  • Race: Zerg Zerg
  • League: Diamond
  • Spawn Location: 7:00

VOD

Have the link to the VOD?

Description

Time

  • Played on: May 10, 2022, 3:31 p.m.
  • Length: 3:51
Show
View Real Time Build Order
Export as new Build Order

llllIlllIlll Zerg - Winner!

Build Orders: Pool Only 

Get SALT Encoding   

  12  0:02  Drone  
  13  0:09  Drone  
  14  0:27  Spawning Pool  
  13  0:29  Extractor  
  12  0:38  Drone x2  
  15  0:44  Overlord  
  15  1:21  Spine Crawler, Zergling x2  
  15  1:22  Zergling x4  
  15  1:23  Spine Crawler  
  16  1:27  Spine Crawler  
  16  1:32  Zergling x2  
  17  1:45  Spine Crawler  
  16  1:47  Zergling x2  
  17  1:57  Zergling x2  
  19  2:03  Spine Crawler  
  18  2:16  Zergling x4  
  20  2:29  Zergling x2  
  21  2:34  Spine Crawler  
  20  2:41  Zergling x2  
  20  2:42  Spine Crawler  
  19  2:52  Zergling x2  
  20  3:01  Zergling x2  
  19  3:20  Zergling x4  
Show
View Real Time Build Order
Export as new Build Order

kevinnleee Zerg 

Build Orders: Hatch First 

Get SALT Encoding   

  12  0:00  Drone  
  13  0:12  Overlord  
  13  0:17  Drone  
  14  0:30  Drone  
  14  0:31  Drone  
  14  0:34  Drone  
  17  0:55  Hatchery, Drone  
  17  0:59  Drone  
  17  1:02  Extractor  
  17  1:06  Drone  
  18  1:18  Spawning Pool  
  18  1:22  Drone  
  18  1:28  Drone  
  19  1:39  Overlord  
  19  2:05  Queen  
  19  2:06  Zergling x4  
  23  2:11  Spine Crawler  
  23  2:14  Metabolic Boost  
  22  2:21  Zergling x4  
  18  2:52  Zergling x6  
Tags
 
Add a new tag
Caveats
  • Supply blocks, unpowered buildings, or Contaminate may cause inaccurate times.
  • Supply counts are checked every 10 seconds.